 Dungeon Crawl Stone Soup version 0.20.1-1-g8b1a95d (webtiles) character file.

5905 lorenzova the Thaumaturge (level 10, -14/50 HPs)
             Began as a Deep Elf Conjurer on Sept 29, 2017.
             Was a Priest of Vehumet.
             Demolished by Snorg (19 damage)
             ... on level 10 of the Dungeon.
             The game lasted 00:22:39 (8447 turns).

lorenzova the Thaumaturge (Deep Elf Conjurer)       Turns: 8447, Time: 00:22:39

Health: -14/50     AC:  7    Str:  5    XL:     10   Next: 53%
Magic:  14/44      EV: 12    Int: 24    God:    Vehumet [***...]
Gold:   512        SH:  0    Dex: 15    Spells: 24/35 levels left

rFire    . . .     SeeInvis .   R - staff of power
rCold    . . .     Gourm    .   (no shield)
rNeg     + . .     Faith    .   U - +3 leather armour {rN+}
rPois    .         Spirit   .   (no helmet)
rElec    .         Reflect  .   T - +0 cloak
rCorr    .         Harm     .   (no gloves)
MR       ++...                  (no boots)
Stlth    ++........             g - amulet of regeneration
Regen    0.6/turn               p - ring of flight
MPRegen  0.3/turn               Z - ring of protection from magic

@: no status effects
A: no striking features
a: Renounce Religion, Evoke Flight


You were on level 10 of the Dungeon.
You worshipped Vehumet.
Vehumet was most pleased with you.
You were not hungry.

You visited 2 branches of the dungeon, and saw 11 of its levels.

You collected 512 gold pieces.

Inventory:

Hand Weapons
 d - a +2 halberd of venom
Armour
 a - a +0 robe
 y - a +1 robe of magic resistance
 C - a +0 buckler
 H - the +1 robe of the Nine Suns {Int+2}
   (You found it on level 6 of the Dungeon)

   It affects your intelligence (+2).
 T - a +0 cloak (worn)
 U - a +3 leather armour of positive energy (worn)
 V - +0 steam dragon scales
Magical Staves
 J - an uncursed staff of earth
 R - an uncursed staff of power (weapon)
Jewellery
 g - an amulet of regeneration (around neck)
 h - an uncursed amulet of rage
 k - an uncursed ring of ice
 p - a ring of flight (left hand)
 Z - a ring of protection from magic (right hand)
Wands
 G - a wand of digging (12/24)
Scrolls
 e - 3 scrolls of teleportation {unknown}
 m - a scroll of enchant weapon {unknown}
 q - 8 scrolls of remove curse
 r - a scroll of random uselessness {unknown}
 v - 2 scrolls of enchant armour {unknown}
 w - a scroll of immolation {unknown}
 x - 4 scrolls of amnesia {unknown}
 z - 2 scrolls of recharging {unknown}
 A - 2 scrolls of fear {unknown}
 B - 4 scrolls of noise {unknown}
 F - 2 scrolls of magic mapping {unknown}
 I - a scroll of silence {unknown}
 P - a scroll of fog {unknown}
 Q - a scroll of blinking {unknown}
Potions
 i - 2 potions of ambrosia
 j - 2 potions of flight {unknown}
 l - 2 potions of magic {unknown}
 n - 3 potions of brilliance {unknown}
 o - 3 potions of degeneration {unknown}
 s - 3 potions of curing {unknown}
 u - a potion of mutation {unknown}
 D - a potion of resistance {unknown}
 E - 3 potions of heal wounds {unknown}
 K - a potion of might {unknown}
 X - a potion of agility {unknown}
Books
 b - a book of Conjurations

   Spells                             Type                      Level
   a - Magic Dart                     Conjuration                  1
   b - Searing Ray                    Conjuration                  2
   c - Dazzling Spray                 Conjuration/Hexes            3
   d - Fulminant Prism                Conjuration/Hexes            4
   e - Force Lance                    Conjuration/Translocation    4
   f - Iskenderun's Mystic Blast      Conjuration                  4
Comestibles
 c - 8 bread rations
 f - 7 royal jellies
 t - 5 meat rations
 L - 5 fruits


   Skills:
 - Level 2.4 Dodging
 - Level 2.4 Stealth
 * Level 13.1 Spellcasting
 * Level 12.1 Conjurations
 + Level 8.0 Hexes


You had 24 spell levels left.
You knew the following spells:

 Your Spells              Type           Power        Failure   Level  Hunger
a - Magic Dart            Conj           ####         1%          1    None
b - Searing Ray           Conj           ######       1%          2    None
c - Iskenderun's Mystic   Conj           ######..     1%          4    None
d - Fulminant Prism       Conj/Hex       ######....   1%          4    None


Dungeon Overview and Level Annotations

Branches:
Dungeon (10/15)            Temple (1/1) D:4
   Lair: D:8-11         Orc: D:9-12

Altars:
Ashenzari
Cheibriados
Dithmenos
Elyvilon
Fedhas
Gozag
Hepliaklqana
Makhleb
Nemelex Xobeh
Okawaru
Ru
Sif Muna
Uskayaw
Vehumet
Xom
Yredelemnul
Zin
The Shining One

Shops:
D:4 *   D:9 %

Annotations:
D:10 Snorg


Message History

Snorg claws you but does no damage. Snorg bites you.
Snorg barely misses you. x2
Casting: Iskenderun's Mystic Blast
Confirm with . or Enter, or press ? or * to list all spells.
Aiming: Iskenderun's Mystic Blast
Press: ? - help, Shift-Dir - straight line, f/p - Snorg
Aim: Snorg (severely wounded, berserk, fast, unusually strong)
The orb of energy hits Snorg.
Snorg is severely wounded.
The orb of energy explodes!
Snorg bites you!!
* * * LOW HITPOINT WARNING * * *
Snorg misses you. Snorg claws you but does no damage.
Casting: Iskenderun's Mystic Blast
Confirm with . or Enter, or press ? or * to list all spells.
Aiming: Iskenderun's Mystic Blast
Press: ? - help, Shift-Dir - straight line, f/p - Snorg
Aim: Snorg (severely wounded, berserk, fast, unusually strong)
The orb of energy hits Snorg.
Snorg is almost dead.
The orb of energy explodes!
Snorg misses you. Snorg claws you!!
You die...

##+#### #######+#
....... #........
.......###........
.......#.'<.......
....<..#.#........
......T#.#....>...
......?@.#...[....
....$..###........
#+##### #######+#


You could see Snorg (berserk).

Vanquished Creatures
  A two-headed ogre (D:9)
  Pikel (D:9)
  Joseph (D:8)
  Sigmund (D:3)
  A human (D:9)
  A steam dragon (D:8)
  3 hogs (D:9)
  A yak (D:9)
  2 hungry ghosts (D:9)
  Menkaure (D:5)
  Edmund (D:6)
  A sky beast (D:9)
  3 ice beasts
  A slave (D:9)
  4 ogres
  3 phantoms
  A centaur (D:7)
  3 big kobolds
  5 bullfrogs
  4 killer bees (D:9)
  A scorpion (D:5)
  3 howler monkeys
  A crimson imp (D:5)
  2 bullfrog zombies
  A quasit (D:6)
  7 hounds
  5 jellies
  2 orc priests
  A bullfrog skeleton (D:5)
  A gnoll shaman (D:5)
  4 orc wizards
  An iguana (D:6)
  A worker ant (D:7)
  3 hound skeletons
  A worker ant zombie (D:5)
  4 gnolls
  7 adders
  An adder zombie (D:6)
  An adder skeleton (D:4)
  2 worms
  A dart slug (D:1)
  10 leopard geckos
  25 orcs
  5 bats
  5 giant cockroaches
  11 goblins
  6 hobgoblins
  2 jackals (D:6)
  9 quokkas
  2 ball pythons
  4 frilled lizards
  A giant cockroach zombie (D:5)
  21 kobolds
  A leopard gecko zombie (D:8)
  A quokka zombie (D:6)
  8 rats
200 creatures vanquished.

Vanquished Creatures (others)
  2 slaves (D:9)
  An adder (D:9)
3 creatures vanquished.

Grand Total: 203 creatures vanquished

Notes
Turn   | Place    | Note
-------+----------+-------------------------------------------
     0 | D:1      | lorenzova the Deep Elf Conjurer began the quest for the Orb.
     0 | D:1      | Reached XP level 1. HP: 10/10 MP: 6/6
    17 | D:1      | Reached XP level 2. HP: 15/15 MP: 0/8
    21 | D:1      | Learned a level 2 spell: Searing Ray
   482 | D:1      | Reached skill level 4 in Spellcasting
   592 | D:1      | Reached skill level 5 in Conjurations
   592 | D:1      | Reached XP level 3. HP: 19/19 MP: 5/10
  1543 | D:3      | Reached XP level 4. HP: 24/24 MP: 7/12
  1574 | D:3      | Learned a level 4 spell: Iskenderun's Mystic Blast
  1579 | D:3      | Learned a level 4 spell: Fulminant Prism
  1835 | D:3      | Noticed an ogre
  1966 | D:3      | Killed an ogre
  1966 | D:3      | Reached skill level 5 in Spellcasting
  1966 | D:3      | Reached XP level 5. HP: 28/28 MP: 0/15
  2171 | D:3      | Noticed Sigmund
  2233 | D:3      | Killed Sigmund
  2233 | D:3      | Reached skill level 6 in Spellcasting
  2233 | D:3      | Reached XP level 6. HP: 32/32 MP: 7/17
  2527 | D:4      | Reached skill level 7 in Spellcasting
  2630 | D:4      | Found Gozag's Platinum Reserve.
  2736 | D:4      | Found an opulent altar of Gozag.
  2768 | D:4      | Found a staircase to the Ecumenical Temple.
  2791 | Temple   | Entered the Ecumenical Temple
  2843 | Temple   | Became a worshipper of Vehumet
  2958 | D:4      | Got a slimy glaive
  2997 | D:4      | Identified the +9 glaive of Uskayaw's Castigation {vamp, MR- Str+7} (You found it on level 4 of the Dungeon)
  3356 | D:5      | Entered Level 5 of the Dungeon
  3359 | D:5      | Reached XP level 7. HP: 36/36 MP: 14/19
  3360 | D:5      | Noticed Menkaure
  3365 | D:5      | Killed Menkaure
  3365 | D:5      | Reached skill level 1 in Hexes
  3867 | D:5      | Reached skill level 8 in Spellcasting
  4198 | D:5      | Reached XP level 8. HP: 41/41 MP: 9/22
  4619 | D:6      | Got a faintly glowing robe
  4632 | D:6      | Identified the +1 robe of the Nine Suns {Int+2} (You found it on level 6 of the Dungeon)
  4658 | D:6      | Noticed Edmund
  4665 | D:6      | Killed Edmund
  4665 | D:6      | Reached skill level 9 in Spellcasting
  4772 | D:6      | Reached * piety under Vehumet
  4772 | D:6      | Offered knowledge of Sting by Vehumet.
  5685 | D:7      | Reached skill level 10 in Spellcasting
  6188 | D:7      | Reached skill level 5 in Hexes
  6194 | D:7      | Reached XP level 9. HP: 41/45 MP: 25/25
  6382 | D:7      | Offered knowledge of Flame Tongue by Vehumet.
  6406 | D:7      | Reached ** piety under Vehumet
  6465 | D:7      | Reached skill level 10 in Conjurations
  6740 | D:8      | Noticed Joseph
  6748 | D:8      | Killed Joseph
  6748 | D:8      | Reached skill level 11 in Spellcasting
  7379 | D:9      | Reached skill level 12 in Spellcasting
  7483 | D:9      | Offered knowledge of Throw Flame by Vehumet.
  7483 | D:9      | Reached XP level 10. HP: 38/50 MP: 28/28
  7545 | D:9      | Found Plog's Food Boutique.
  7653 | D:9      | Reached *** piety under Vehumet
  7761 | D:9      | Noticed Pikel
  7763 | D:9      | Killed Pikel
  8273 | D:9      | Noticed a two-headed ogre
  8279 | D:9      | Killed a two-headed ogre
  8279 | D:9      | Reached skill level 13 in Spellcasting
  8433 | D:10     | Entered Level 10 of the Dungeon
  8439 | D:10     | Noticed Snorg
  8447 | D:10     | Demolished by Snorg

Skill      XL: |  1  2  3  4  5  6  7  8  9 10 |
---------------+-------------------------------+-----
Spellcasting   | 4 5 6 7 8 10 12 13 | 13.1
Conjurations   | 5 6 7 8 9 11 12 | 12.1
Hexes          | 3 5 7 8 |  8.0
Dodging        | |  2.4
Stealth        | |  2.4

Action                   |  1- 3 |  4- 6 |  7- 9 | 10-12 || total
-------------------------+-------+-------+-------+-------++-------
Melee: Halberd           |    10 |     3 |    10 |       ||    23
 Cast: Magic Dart        |    70 |    66 |   180 |    51 ||   367
       Iskenderun's Myst |       |     4 |    47 |    33 ||    84
       Searing Ray       |       |     3 |    14 |     1 ||    18
  Use: Scroll            |       |     5 |     2 |     1 ||     8
 Stab: Sleeping          |     1 |     1 |     1 |       ||     3
  Eat: Chunk             |     2 |     5 |    13 |     3 ||    23
       Fruit             |       |       |     1 |       ||     1
Armor: Robe              |     1 |     1 |     6 |       ||     8
       Leather armour    |       |       |     3 |     8 ||    11
Dodge: Dodged            |    11 |     2 |    54 |    25 ||    92
